Unix NetHack Version 3.7.0-65 Work-in-progress - last build Oct 10 2022 05:34:18 (2afc5cfc90f7ecdc2856d9919a2295b875398e55,branch:master).

Game began 2022-10-14 16:03:50, ended 2022-10-16 19:50:27.

Gandelf, neutral male human Monk

  
unexplored area
unexplored area
unexplored area
unexplored area
unexplored area
unexplored area
unexplored area
unexplored area
unexplored area
unexplored area
unexplored area
unexplored area
unexplored area
unexplored area
unexplored area
unexplored area
unexplored area
unexplored area
unexplored area
unexplored area
unexplored area
unexplored area
unexplored area
unexplored area
unexplored area
unexplored area
unexplored area
unexplored area
unexplored area
unexplored area
unexplored area
unexplored area
unexplored area
unexplored area
unexplored area
unexplored area
unexplored area
unexplored area
unexplored area
unexplored area
unexplored area
unexplored area
unexplored area
unexplored area
unexplored area
unexplored area
unexplored area
unexplored area
unexplored area
unexplored area
unexplored area
unexplored area
unexplored area
unexplored area
unexplored area
unexplored area
unexplored area
unexplored area
unexplored area
unexplored area
unexplored area
unexplored area
unexplored area
unexplored area
unexplored area
unexplored area
unexplored area
unexplored area
unexplored area
unexplored area
unexplored area
unexplored area
unexplored area
unexplored area
unexplored area
unexplored area
unexplored area
unexplored area
unexplored area
unexplored area
unexplored area
unexplored area
unexplored area
unexplored area
unexplored area
unexplored area
unexplored area
unexplored area
unexplored area
unexplored area
unexplored area
unexplored area
unexplored area
unexplored area
unexplored area
unexplored area
unexplored area
unexplored area
unexplored area
unexplored area
unexplored area
unexplored area
unexplored area
unexplored area
wall
wall
wall
wall
wall
wall
wall
wall
wall
unexplored area
unexplored area
unexplored area
unexplored area
unexplored area
unexplored area
unexplored area
unexplored area
unexplored area
unexplored area
unexplored area
unexplored area
unexplored area
unexplored area
unexplored area
unexplored area
unexplored area
unexplored area
unexplored area
unexplored area
unexplored area
unexplored area
unexplored area
unexplored area
unexplored area
unexplored area
unexplored area
unexplored area
unexplored area
unexplored area
unexplored area
unexplored area
unexplored area
unexplored area
unexplored area
unexplored area
unexplored area
unexplored area
unexplored area
unexplored area
unexplored area
unexplored area
unexplored area
unexplored area
unexplored area
unexplored area
unexplored area
unexplored area
unexplored area
unexplored area
unexplored area
unexplored area
unexplored area
unexplored area
unexplored area
unexplored area
unexplored area
unexplored area
unexplored area
unexplored area
unexplored area
unexplored area
unexplored area
unexplored area
unexplored area
unexplored area
unexplored area
unexplored area
unexplored area
unexplored area
wall
.floor of a room
.floor of a room
.floor of a room
@invisible human monk called Gandelf
@Master Kaen
.floor of a room
.floor of a room
.doorway
unexplored area
unexplored area
unexplored area
unexplored area
unexplored area
unexplored area
unexplored area
unexplored area
unexplored area
unexplored area
unexplored area
unexplored area
unexplored area
unexplored area
unexplored area
unexplored area
unexplored area
unexplored area
unexplored area
unexplored area
unexplored area
unexplored area
unexplored area
unexplored area
unexplored area
unexplored area
unexplored area
unexplored area
unexplored area
unexplored area
unexplored area
unexplored area
unexplored area
unexplored area
unexplored area
unexplored area
unexplored area
unexplored area
unexplored area
unexplored area
unexplored area
unexplored area
unexplored area
unexplored area
unexplored area
unexplored area
unexplored area
unexplored area
unexplored area
unexplored area
unexplored area
unexplored area
unexplored area
unexplored area
unexplored area
unexplored area
unexplored area
unexplored area
unexplored area
unexplored area
unexplored area
unexplored area
unexplored area
unexplored area
unexplored area
unexplored area
unexplored area
unexplored area
unexplored area
stone
wall
.floor of a room
.floor of a room
%a gargoyle corpse
.floor of a room
.floor of a room
!a potion of sickness
.floor of a room
wall
unexplored area
unexplored area
unexplored area
unexplored area
unexplored area
unexplored area
unexplored area
unexplored area
unexplored area
unexplored area
unexplored area
unexplored area
unexplored area
unexplored area
unexplored area
unexplored area
unexplored area
unexplored area
unexplored area
unexplored area
unexplored area
unexplored area
unexplored area
unexplored area
unexplored area
unexplored area
unexplored area
unexplored area
unexplored area
unexplored area
unexplored area
unexplored area
unexplored area
unexplored area
unexplored area
unexplored area
unexplored area
unexplored area
unexplored area
unexplored area
unexplored area
unexplored area
unexplored area
unexplored area
unexplored area
unexplored area
unexplored area
unexplored area
unexplored area
unexplored area
unexplored area
unexplored area
unexplored area
unexplored area
unexplored area
unexplored area
unexplored area
unexplored area
unexplored area
unexplored area
unexplored area
unexplored area
unexplored area
unexplored area
unexplored area
unexplored area
unexplored area
unexplored area
stone
corridor
.doorway
.floor of a room
.floor of a room
.floor of a room
.floor of a room
.floor of a room
.floor of a room
^polymorph trap
.doorway
unexplored area
unexplored area
unexplored area
unexplored area
unexplored area
unexplored area
unexplored area
unexplored area
unexplored area
unexplored area
unexplored area
unexplored area
unexplored area
unexplored area
unexplored area
unexplored area
unexplored area
unexplored area
unexplored area
unexplored area
unexplored area
unexplored area
unexplored area
unexplored area
unexplored area
unexplored area
unexplored area
unexplored area
unexplored area
unexplored area
unexplored area
unexplored area
unexplored area
unexplored area
unexplored area
unexplored area
unexplored area
unexplored area
unexplored area
unexplored area
unexplored area
unexplored area
unexplored area
unexplored area
unexplored area
unexplored area
unexplored area
unexplored area
unexplored area
unexplored area
unexplored area
unexplored area
unexplored area
unexplored area
unexplored area
unexplored area
unexplored area
unexplored area
unexplored area
unexplored area
unexplored area
unexplored area
unexplored area
unexplored area
unexplored area
unexplored area
unexplored area
unexplored area
stone
corridor
wall
wall
wall
wall
wall
wall
+closed door
wall
wall
unexplored area
unexplored area
unexplored area
unexplored area
unexplored area
unexplored area
wall
wall
wall
wall
wall
wall
wall
unexplored area
unexplored area
unexplored area
unexplored area
unexplored area
unexplored area
unexplored area
unexplored area
unexplored area
unexplored area
unexplored area
unexplored area
unexplored area
unexplored area
unexplored area
unexplored area
unexplored area
unexplored area
unexplored area
unexplored area
unexplored area
unexplored area
unexplored area
unexplored area
unexplored area
unexplored area
unexplored area
unexplored area
unexplored area
unexplored area
unexplored area
unexplored area
unexplored area
unexplored area
unexplored area
unexplored area
unexplored area
wall
wall
wall
wall
wall
wall
wall
wall
wall
wall
wall
wall
wall
wall
unexplored area
unexplored area
unexplored area
stone
stone
corridor
stone
unexplored area
unexplored area
unexplored area
unexplored area
unexplored area
unexplored area
unexplored area
unexplored area
unexplored area
unexplored area
unexplored area
unexplored area
unexplored area
unexplored area
wall
%a fortune cookie
.dark part of a room
.dark part of a room
.dark part of a room
.dark part of a room
.dark part of a room
.dark part of a room
.dark part of a room
wall
stone
stone
stone
unexplored area
unexplored area
unexplored area
unexplored area
unexplored area
unexplored area
unexplored area
unexplored area
unexplored area
unexplored area
unexplored area
unexplored area
unexplored area
unexplored area
unexplored area
unexplored area
unexplored area
unexplored area
unexplored area
unexplored area
unexplored area
unexplored area
unexplored area
unexplored area
unexplored area
unexplored area
unexplored area
unexplored area
unexplored area
unexplored area
unexplored area
wall
.dark part of a room
.dark part of a room
.dark part of a room
.dark part of a room
.dark part of a room
.dark part of a room
/a curved wand
.dark part of a room
.dark part of a room
.dark part of a room
.dark part of a room
.dark part of a room
wall
stone
stone
stone
stone
corridor
corridor
stone
stone
stone
stone
stone
stone
corridor
stone
stone
stone
stone
stone
stone
corridor
corridor
wall
%a stalker corpse
.dark part of a room
.dark part of a room
.dark part of a room
.dark part of a room
.dark part of a room
.dark part of a room
.dark part of a room
.doorway
corridor
corridor
corridor
corridor
unexplored area
unexplored area
unexplored area
unexplored area
unexplored area
unexplored area
unexplored area
unexplored area
unexplored area
unexplored area
unexplored area
unexplored area
unexplored area
unexplored area
unexplored area
unexplored area
unexplored area
unexplored area
unexplored area
unexplored area
unexplored area
unexplored area
unexplored area
unexplored area
unexplored area
unexplored area
unexplored area
unexplored area
unexplored area
unexplored area
wall
.dark part of a room
.dark part of a room
.dark part of a room
.dark part of a room
.dark part of a room
.dark part of a room
.dark part of a room
.dark part of a room
.dark part of a room
.dark part of a room
.dark part of a room
.dark part of a room
.doorway
corridor
corridor
corridor
corridor
corridor
corridor
2unknown creature causing you anxiety
corridor
corridor
corridor
corridor
corridor
corridor
corridor
corridor
corridor
corridor
corridor
corridor
corridor
corridor
-open door
.dark part of a room
.dark part of a room
unexplored area
unexplored area
.dark part of a room
.dark part of a room
.dark part of a room
.dark part of a room
wall
stone
corridor
corridor
stone
stone
unexplored area
unexplored area
unexplored area
unexplored area
unexplored area
unexplored area
unexplored area
unexplored area
unexplored area
unexplored area
unexplored area
unexplored area
unexplored area
unexplored area
unexplored area
unexplored area
unexplored area
unexplored area
unexplored area
unexplored area
unexplored area
unexplored area
unexplored area
unexplored area
unexplored area
unexplored area
unexplored area
unexplored area
unexplored area
wall
.dark part of a room
.dark part of a room
.dark part of a room
.dark part of a room
.dark part of a room
.dark part of a room
.dark part of a room
.dark part of a room
.dark part of a room
.dark part of a room
.dark part of a room
.dark part of a room
wall
stone
corridor
stone
stone
stone
stone
stone
corridor
corridor
corridor
corridor
corridor
corridor
stone
stone
stone
stone
stone
stone
stone
corridor
wall
.dark part of a room
.dark part of a room
unexplored area
unexplored area
unexplored area
unexplored area
unexplored area
unexplored area
unexplored area
unexplored area
corridor
corridor
corridor
corridor
stone
stone
stone
stone
stone
unexplored area
unexplored area
unexplored area
wall
wall
wall
wall
wall
wall
unexplored area
unexplored area
unexplored area
unexplored area
unexplored area
unexplored area
unexplored area
unexplored area
unexplored area
unexplored area
unexplored area
unexplored area
unexplored area
unexplored area
unexplored area
wall
.dark part of a room
.dark part of a room
.dark part of a room
.dark part of a room
<staircase up
.dark part of a room
.dark part of a room
.dark part of a room
.dark part of a room
.dark part of a room
.dark part of a room
.dark part of a room
.doorway
unexplored area
unexplored area
unexplored area
unexplored area
unexplored area
unexplored area
unexplored area
unexplored area
wall
wall
.doorway
wall
wall
wall
wall
wall
wall
unexplored area
unexplored area
unexplored area
unexplored area
unexplored area
unexplored area
unexplored area
unexplored area
unexplored area
unexplored area
unexplored area
unexplored area
unexplored area
unexplored area
unexplored area
unexplored area
stone
stone
corridor
corridor
corridor
corridor
corridor
corridor
stone
stone
stone
wall
.dark part of a room
.dark part of a room
.dark part of a room
.dark part of a room
wall
unexplored area
unexplored area
unexplored area
unexplored area
unexplored area
unexplored area
unexplored area
unexplored area
unexplored area
unexplored area
unexplored area
unexplored area
unexplored area
unexplored area
unexplored area
wall
wall
.doorway
wall
wall
wall
wall
wall
wall
wall
wall
wall
wall
wall
unexplored area
unexplored area
unexplored area
unexplored area
unexplored area
unexplored area
unexplored area
unexplored area
wall
.dark part of a room
.dark part of a room
.dark part of a room
.dark part of a room
.dark part of a room
.dark part of a room
.dark part of a room
wall
stone
stone
stone
corridor
stone
stone
stone
stone
stone
stone
stone
stone
stone
stone
corridor
stone
unexplored area
stone
stone
stone
stone
stone
stone
corridor
corridor
corridor
corridor
-open door
.dark part of a room
.dark part of a room
.dark part of a room
.dark part of a room
wall
unexplored area
unexplored area
unexplored area
unexplored area
unexplored area
unexplored area
unexplored area
unexplored area
unexplored area
unexplored area
unexplored area
unexplored area
unexplored area
unexplored area
unexplored area
unexplored area
unexplored area
unexplored area
unexplored area
unexplored area
unexplored area
unexplored area
unexplored area
unexplored area
unexplored area
unexplored area
unexplored area
unexplored area
unexplored area
unexplored area
unexplored area
unexplored area
unexplored area
unexplored area
unexplored area
unexplored area
unexplored area
wall
.dark part of a room
.dark part of a room
.dark part of a room
.dark part of a room
.dark part of a room
?a scroll of enchant weapon
.dark part of a room
-open door
corridor
corridor
corridor
corridor
corridor
corridor
corridor
corridor
corridor
corridor
corridor
corridor
corridor
corridor
corridor
stone
stone
stone
stone
stone
stone
stone
stone
stone
stone
stone
stone
wall
.dark part of a room
.dark part of a room
.dark part of a room
.dark part of a room
wall
unexplored area
unexplored area
unexplored area
unexplored area
unexplored area
unexplored area
unexplored area
unexplored area
unexplored area
unexplored area
unexplored area
unexplored area
unexplored area
unexplored area
unexplored area
unexplored area
unexplored area
unexplored area
unexplored area
unexplored area
unexplored area
unexplored area
unexplored area
unexplored area
unexplored area
unexplored area
unexplored area
unexplored area
unexplored area
unexplored area
unexplored area
unexplored area
unexplored area
unexplored area
unexplored area
unexplored area
unexplored area
wall
.dark part of a room
.dark part of a room
.dark part of a room
.dark part of a room
.dark part of a room
.dark part of a room
.dark part of a room
wall
stone
stone
stone
stone
stone
stone
stone
stone
stone
stone
stone
stone
stone
stone
corridor
corridor
corridor
corridor
corridor
corridor
corridor
corridor
corridor
corridor
corridor
corridor
corridor
-open door
.dark part of a room
.dark part of a room
.dark part of a room
[a plate mail
wall
unexplored area
unexplored area
unexplored area
unexplored area
unexplored area
unexplored area
unexplored area
unexplored area
unexplored area
unexplored area
unexplored area
unexplored area
unexplored area
unexplored area
unexplored area
unexplored area
unexplored area
unexplored area
unexplored area
unexplored area
unexplored area
unexplored area
unexplored area
unexplored area
unexplored area
unexplored area
unexplored area
unexplored area
unexplored area
unexplored area
unexplored area
unexplored area
unexplored area
unexplored area
unexplored area
unexplored area
unexplored area
wall
wall
wall
wall
wall
wall
wall
wall
wall
unexplored area
unexplored area
unexplored area
unexplored area
unexplored area
unexplored area
unexplored area
unexplored area
unexplored area
unexplored area
unexplored area
unexplored area
unexplored area
unexplored area
stone
stone
stone
stone
stone
stone
stone
stone
stone
stone
stone
stone
stone
wall
.dark part of a room
.dark part of a room
.dark part of a room
?a scroll of destroy armor
wall
unexplored area
unexplored area
unexplored area
unexplored area
unexplored area
unexplored area
unexplored area
unexplored area
unexplored area
unexplored area
unexplored area
unexplored area
unexplored area
unexplored area
unexplored area
unexplored area
unexplored area
unexplored area
unexplored area
unexplored area
unexplored area
unexplored area
unexplored area
unexplored area
unexplored area
unexplored area
unexplored area
unexplored area
unexplored area
unexplored area
unexplored area
unexplored area
unexplored area
unexplored area
unexplored area
unexplored area
unexplored area
unexplored area
unexplored area
unexplored area
unexplored area
unexplored area
unexplored area
unexplored area
unexplored area
unexplored area
unexplored area
unexplored area
unexplored area
unexplored area
unexplored area
unexplored area
unexplored area
unexplored area
unexplored area
unexplored area
unexplored area
unexplored area
unexplored area
unexplored area
unexplored area
unexplored area
unexplored area
unexplored area
unexplored area
unexplored area
unexplored area
unexplored area
unexplored area
unexplored area
unexplored area
unexplored area
unexplored area
unexplored area
unexplored area
unexplored area
wall
wall
wall
unexplored area
unexplored area
unexplored area
unexplored area
unexplored area
unexplored area
unexplored area
unexplored area
unexplored area
unexplored area
unexplored area
unexplored area
unexplored area
unexplored area
unexplored area
unexplored area
unexplored area
unexplored area
unexplored area
unexplored area
unexplored area
unexplored area
unexplored area
unexplored area
unexplored area
unexplored area
unexplored area
unexplored area
unexplored area
unexplored area
unexplored area
unexplored area
unexplored area
unexplored area
unexplored area
unexplored area
unexplored area
unexplored area
unexplored area
unexplored area
unexplored area
unexplored area
unexplored area
unexplored area
unexplored area
unexplored area
unexplored area
unexplored area
unexplored area
unexplored area
unexplored area
unexplored area
unexplored area
unexplored area
unexplored area
unexplored area
unexplored area
unexplored area
unexplored area
unexplored area
unexplored area
unexplored area
unexplored area
unexplored area
unexplored area
unexplored area
unexplored area
unexplored area
unexplored area
unexplored area
unexplored area
unexplored area
unexplored area
unexplored area
unexplored area
unexplored area
unexplored area
unexplored area
unexplored area
unexplored area
unexplored area
unexplored area
unexplored area
unexplored area
unexplored area
unexplored area
unexplored area
unexplored area
unexplored area
unexplored area
unexplored area
unexplored area
unexplored area
unexplored area
unexplored area
unexplored area
unexplored area
unexplored area
unexplored area
unexplored area
unexplored area
unexplored area
unexplored area
unexplored area
unexplored area
unexplored area
unexplored area
unexplored area
unexplored area
unexplored area
unexplored area
unexplored area
unexplored area
unexplored area
unexplored area
unexplored area
unexplored area
unexplored area
unexplored area
unexplored area
unexplored area
unexplored area
unexplored area
unexplored area
unexplored area
unexplored area
unexplored area
unexplored area
unexplored area
unexplored area
unexplored area
unexplored area
unexplored area
unexplored area
unexplored area
unexplored area
unexplored area
unexplored area
unexplored area
unexplored area
unexplored area
unexplored area
unexplored area
unexplored area
unexplored area
unexplored area
unexplored area
unexplored area
unexplored area
unexplored area
unexplored area
unexplored area
unexplored area
unexplored area
unexplored area
unexplored area
unexplored area
unexplored area
unexplored area
unexplored area
unexplored area
unexplored area
unexplored area
unexplored area
unexplored area
unexplored area
unexplored area
unexplored area
unexplored area
unexplored area
unexplored area
unexplored area
unexplored area
unexplored area
unexplored area
unexplored area
unexplored area
unexplored area
unexplored area
unexplored area
unexplored area
unexplored area
unexplored area
unexplored area
unexplored area
unexplored area
unexplored area
unexplored area
unexplored area
unexplored area
unexplored area
unexplored area
unexplored area
unexplored area
unexplored area
unexplored area
unexplored area
unexplored area
unexplored area
unexplored area
unexplored area
unexplored area
unexplored area
unexplored area
unexplored area
unexplored area
unexplored area
unexplored area
unexplored area
unexplored area
unexplored area
unexplored area
unexplored area
unexplored area
unexplored area
unexplored area
unexplored area
unexplored area
unexplored area
unexplored area
unexplored area
unexplored area
unexplored area
unexplored area
unexplored area
unexplored area
unexplored area
unexplored area
unexplored area
unexplored area
unexplored area
unexplored area
unexplored area
unexplored area
unexplored area
unexplored area
unexplored area
unexplored area
unexplored area
unexplored area
unexplored area
unexplored area
unexplored area
unexplored area
unexplored area
unexplored area
unexplored area
unexplored area
unexplored area
unexplored area
unexplored area
unexplored area
unexplored area
unexplored area
unexplored area
unexplored area
unexplored area
unexplored area
unexplored area
unexplored area
unexplored area
unexplored area
unexplored area
unexplored area
unexplored area
unexplored area
unexplored area
unexplored area
unexplored area
unexplored area
unexplored area
unexplored area
unexplored area
unexplored area
unexplored area
unexplored area
unexplored area
unexplored area
unexplored area
unexplored area
unexplored area
unexplored area
unexplored area
unexplored area
unexplored area
unexplored area
unexplored area
unexplored area
unexplored area
unexplored area
unexplored area
unexplored area
unexplored area
unexplored area
unexplored area
unexplored area
unexplored area
unexplored area
unexplored area
unexplored area
unexplored area
unexplored area
unexplored area
unexplored area
unexplored area
unexplored area
unexplored area
unexplored area
unexplored area
unexplored area
unexplored area
unexplored area
unexplored area
unexplored area
unexplored area
unexplored area
unexplored area
unexplored area
unexplored area
unexplored area
unexplored area
unexplored area
unexplored area
unexplored area
unexplored area
unexplored area
unexplored area
unexplored area
unexplored area
unexplored area
unexplored area
unexplored area
unexplored area
unexplored area
unexplored area
unexplored area
unexplored area
unexplored area
unexplored area
unexplored area
unexplored area
unexplored area
unexplored area
unexplored area
unexplored area
unexplored area
unexplored area
unexplored area
unexplored area
unexplored area
unexplored area
unexplored area
unexplored area
unexplored area
unexplored area
unexplored area
unexplored area
unexplored area
unexplored area
unexplored area
unexplored area
unexplored area
unexplored area
unexplored area
unexplored area
unexplored area
unexplored area
unexplored area
unexplored area
unexplored area
unexplored area
unexplored area
unexplored area
unexplored area
unexplored area
unexplored area
unexplored area
unexplored area
unexplored area
unexplored area
unexplored area
unexplored area
unexplored area
unexplored area
unexplored area
unexplored area
unexplored area
unexplored area
unexplored area
unexplored area
unexplored area
unexplored area
unexplored area
unexplored area
unexplored area
unexplored area
unexplored area
unexplored area
unexplored area
unexplored area
unexplored area
unexplored area
unexplored area
unexplored area
unexplored area
[Gandelf the Student of Waters ] St:18/04 Dx:18 Co:17 In:8 Wi:12 Ch:11 Neutral S:213721 Home 5 $:0 HP:0(93) Pw:77(77) AC:-12 Xp:14/95478 T:31983 Satiated Burdened

Latest messages:

The xorn misses!
The xorn hits!
The xorn misses!
The killer bee stings!
The giant ant misses!
The giant ant bites!
The giant ant misses!
You hit the giant beetle!
The giant beetle turns to flee.
The killer bee stings!
The killer bee stings!
The killer bee's sting was poisoned!
The poison doesn't seem to affect you.
The fire ant misses!
The fire ant misses!
The giant ant just misses!
The giant ant misses!
The giant ant bites!
The xorn hits!
The xorn hits!
The xorn hits!
The xorn misses!
You hear a crunching sound.
The fire ant just misses!
The fire ant misses!
The giant ant misses!
You kill the killer bee!
The killer bee misses!
The fire ant bites!
The fire ant misses!
The giant ant misses!
The giant ant misses!
The giant ant bites!
Master Kaen suddenly appears next to you!
Master Kaen hits!
Master Kaen hits!
Master Kaen casts a spell at you!
A sudden geyser slams into you from nowhere!
Master Kaen hits!
[You are no abbot. You shall never regain the Eyes of the Overworld.]
The giant ant misses!
You climb up the stairs.
Master Kaen vanishes and reappears next to you.
Master Kaen hits!
You die...
Do you want your possessions identified? [ynq] (y) y
Do you want to see your attributes? [ynq] (y) y
Do you want an account of creatures vanquished? [ynaq] (y) y
Do you want to see your conduct and achievements? [ynq] (y) y
Do you want to see the dungeon overview? [ynq] (y) y

Inventory:

Amulets

z - a blessed amulet of reflection (being worn)

Weapons

K - the blessed rustproof +5 Mjollnir

Armor

W - a blessed rusty +3 dwarvish iron helm (being worn)
e - a blessed thoroughly burnt +4 pair of leather gloves (being worn)
V - an uncursed thoroughly rusty +1 pair of iron shoes (being worn)
U - a blessed rusty +4 dwarvish roundshield (being worn)
B - a blessed thoroughly burnt +4 robe (being worn)

Comestibles

y - an uncursed slime mold
C - 2 uncursed fortune cookies

Scrolls

w - a cursed scroll of genocide
E - an uncursed scroll of teleportation

Rings

G - an uncursed ring of levitation
I - a blessed ring of slow digestion (on right hand)

Wands

l - a wand of cold (1:1)
p - a wand of fire (0:0)
r - a wand of light (1:13)
J - a wand of locking (0:7)
t - a wand of magic missile (1:0)
q - a wand of polymorph (1:5)
u - a wand of probing (1:1)
o - a wand of sleep (1:6)
n - a wand of sleep (1:4)
Q - a wand of teleportation (0:7)

Tools

S - an empty blessed greased bag of holding
b - an empty uncursed bag of holding
A - an uncursed bag of holding containing 100 items
g - an uncursed blindfold
a - a blessed magic whistle
s - an uncursed skeleton key
v - a cursed tin opener

Gems/Stones

Y - an uncursed worthless piece of white glass

Contents of the bag of holding:

21679 gold pieces
an uncursed amulet of ESP
a cursed amulet of magical breathing
an uncursed amulet of reflection
a cursed amulet of strangulation
8 +0 shuriken
a +0 orcish dagger
the rustproof +0 Ogresmasher
an uncursed +0 pair of jumping boots
an uncursed +0 shield of reflection
an uncursed +0 mummy wrapping
an uncursed cram ration
5 uncursed food rations
3 uncursed K-rations
3 uncursed tripe rations
an uncursed tin of lizard meat
3 uncursed eggs
3 uncursed scrolls of blank paper
3 uncursed scrolls of blank paper
an uncursed scroll of charging
2 uncursed scrolls of confuse monster
3 cursed scrolls of confuse monster
a blessed scroll of create monster
3 uncursed scrolls of create monster
2 uncursed scrolls of create monster
an uncursed scroll of destroy armor
a blessed scroll of earth
an uncursed scroll of fire
a cursed scroll of fire
2 uncursed scrolls of food detection
an uncursed scroll of light
an uncursed scroll of light
a blessed scroll of magic mapping
an uncursed scroll of magic mapping
4 uncursed scrolls of remove curse
2 uncursed scrolls of teleportation
an uncursed spellbook of charm monster
an uncursed spellbook of extra healing
an uncursed spellbook of levitation
an uncursed spellbook of protection
an uncursed spellbook of sleep
a cursed potion of acid
a cursed potion of extra healing
an uncursed potion of fruit juice
an uncursed potion of full healing
an uncursed potion of hallucination
a blessed potion of healing
2 uncursed potions of levitation
3 uncursed potions of object detection
a cursed potion of paralysis
an uncursed potion of polymorph
4 uncursed potions of speed
11 potions of holy water
a cursed ring of aggravate monster
an uncursed +1 ring of gain constitution
a cursed -1 ring of gain strength
a blessed +2 ring of increase damage
an uncursed +1 ring of increase damage
an uncursed +1 ring of increase damage
an uncursed ring of invisibility
a cursed ring of invisibility
an uncursed ring of levitation
an uncursed +2 ring of protection
an uncursed ring of protection from shape changers
an uncursed ring of regeneration
an uncursed ring of regeneration
an uncursed ring of stealth
a cursed ring of sustain ability
a wand of opening (0:8)
a wand of probing (0:7)
a wand of teleportation (0:4)
a wand of teleportation (0:0)
an uncursed bugle
a magic harp (0:4)
an uncursed brass lantern
a +0 pick-axe
5 uncursed partly used tallow candles
a blessed partly used wax candle
8 uncursed partly used wax candles
an uncursed amber stone
4 uncursed amethyst stones
a cursed amethyst stone
2 uncursed diamonds
4 uncursed emeralds
2 uncursed fluorite stones
an uncursed garnet stone
2 uncursed jacinth stones
a cursed opal
2 uncursed rubies
an uncursed sapphire
2 uncursed turquoise stones
2 uncursed worthless pieces of orange glass
11 uncursed worthless pieces of red glass
a cursed worthless piece of red glass
4 uncursed worthless pieces of violet glass
7 uncursed worthless pieces of white glass
an uncursed worthless piece of yellowish brown glass
3 uncursed worthless pieces of yellowish brown glass
2 uncursed flint stones
2 blessed luckstones

Gandelf the Monk's attributes:


Background:

You were a Student of Waters, a level 14 male human Monk.
You were neutral, on a mission for Chih Sung-tzu
who was opposed by Shan Lai Ching (lawful) and Huan Ti (chaotic).
You were in the Quest, on level 5.
You entered the dungeon 31983 turns ago.
You had 95478 experience points, 64522 more were needed to attain level 15.
Your score was 213721 before end-of-game adjustments.

Basics:

You had 0 out of 93 hit points.
You had all 77 energy points (spell power).
Your armor class was -12.
Your wallet was empty.
Autopickup was off.

Final Characteristics:

Your strength was 18/04 (limit:18/100).
Your dexterity was 18 (limit:18).
Your constitution was 17 (limit:18).
Your intelligence was 8 (limit:18).
Your wisdom was 12 (peak:13, limit:18).
Your charisma was 11 (limit:18).

Final Status:

You were satiated.
You were burdened; movement was slightly slowed.
You were empty handed.
You had grand master skill with martial arts.

Final Attributes:

You were piously aligned.
You were fire resistant.
You were cold resistant.
You were sleep resistant.
You were poison resistant.
You saw invisible.
You were telepathic.
You were warned.
You had automatic searching.
You were invisible to others.
You were stealthy.
You had slower digestion.
You had a small defense bonus (+4).
You were guarded.
You were fast.
You had reflection.
You are dead.

Miscellaneous:
You encountered 2 bones levels.
Total elapsed playing time was 6 hours, 25 minutes and 48 seconds.

Major events:

Turn

1: Gandelf the neutral male human Monk entered the dungeon
770: attained the rank of Novice (level 3)
2192: was bestowed with Mjollnir by Chih Sung-tzu
2633: entered the Gnomish Mines
3072: attained the rank of Initiate (level 6)
3428: destroyed Smello's ghost, the former Rogue
3469: found Orcrist on the floor
3637: reached Mine Town
6368: entered Sokoban
6804: completed 1st Sokoban level
7422: completed 2nd Sokoban level
8036: completed 3rd Sokoban level
9297: completed 4th Sokoban level
9668: acquired the Sokoban bag of holding
10885: attained the rank of Student of Stones (level 10)
14915: acquired the Mines' End luckstone
19423: entered the Bigroom
21384: was bestowed with Ogresmasher by Chih Sung-tzu
24482: read a Discworld novel
25782: killed Medusa
26684: destroyed OpticSugar's ghost, the former Brigand
28087: attained the rank of Student of Waters (level 14)
31983: killed by Master Kaen

Vanquished creatures:

Medusa
2 purple worms
2 minotaurs
a baluchitherium
a demilich
a trapper
2 liches
a clay golem
a nurse
2 lurkers above
an Aleax
an ettin
a golden naga
3 ghosts
a winged gargoyle
3 giant mimics
2 long worms
5 ogre tyrants
3 rock trolls
2 large mimics
2 wumpuses
3 couatls
6 stalkers
2 air elementals
a fire elemental
20 earth elementals
a water elemental
2 giant mummies
a black naga
26 xorns
2 sergeants
2 wargs
2 winter wolves
5 small mimics
a glass piercer
a xan
2 ogre leaders
2 quantum mechanics
3 trolls
a sasquatch
3 sharks
a gelatinous cube
3 pyrolisks
3 freezing spheres
6 flaming spheres
a large cat
3 tigers
6 gargoyles
2 dwarf rulers
6 tengu
an ochre jelly
4 leocrottas
2 mountain centaurs
an elf mummy
2 human mummies
2 red nagas
2 pit vipers
a cobra
a wraith
a carnivorous ape
an ettin zombie
5 leather golems
7 soldiers
6 chameleons
3 giant beetles
5 quivering blobs
6 cockatrices
15 wolves
5 winter wolf cubs
2 lynxes
6 panthers
a gremlin
42 leprechauns
2 iron piercers
2 mumakil
5 giant spiders
6 scorpions
2 horses
3 ice vortices
2 black lights
4 vampire bats
a forest centaur
3 gnome rulers
4 orc mummies
a dwarf mummy
2 ogres
5 rust monsters
6 owlbears
6 yetis
2 werewolves
6 Green-elves
a piranha
3 giant eels
7 lizards
5 chickatrices
2 dingoes
3 housecats
3 jaguars
5 dwarf leaders
a blue jelly
3 white unicorns
a gray unicorn
4 dust vortices
36 ravens
a gnome mummy
5 apes
2 human zombies
a rope golem
7 Woodland-elves
3 soldier ants
11 fire ants
9 bugbears
4 imps
2 quasits
3 wood nymphs
5 water nymphs
3 mountain nymphs
15 Mordor orcs
an orc shaman
2 rock piercers
5 rock moles
6 ponies
3 fog clouds
7 yellow lights
a shrieker
4 violet fungi
15 gnome leaders
6 gnomish wizards
5 kobold mummies
a golden naga hatchling
3 gray oozes
a barrow wight
9 elf zombies
a ghoul
3 straw golems
a paper golem
a jellyfish
9 giant ants
2 little dogs
4 floating eyes
2 kittens
24 dwarves
9 homunculi
4 kobold leaders
2 kobold shamans
15 hill orcs
18 rothes
4 giant bats
4 monkeys
6 orc zombies
9 dwarf zombies
2 wererats
4 werejackals
12 iguanas
17 killer bees
5 coyotes
6 gas spores
9 hobbits
4 large kobolds
10 hobgoblins
5 giant rats
3 cave spiders
2 brown molds
3 yellow molds
2 green molds
a red mold
53 gnomes
4 garter snakes
2 gnome zombies
11 geckos
11 jackals
3 kobolds
6 goblins
2 sewer rats
7 grid bugs
4 bats
7 lichens
a kobold zombie
8 newts
874 creatures vanquished.
No species were genocided or became extinct.

Voluntary challenges:

You read items or engraved 53 times.
You never engraved Elbereth.
You never genocided any monsters.
You used no wishes.
You did not violate any of the special Sokoban rules.

Achievements:

You attained the rank of Novice.
You entered a shop.
You entered the Gnomish Mines.
You attained the rank of Initiate.
You entered Minetown.
You entered a temple.
You entered Sokoban.
You completed Sokoban.
You attained the rank of Student of Stones.
You completed the Gnomish Mines.
You entered the Big Room.
You read from a Discworld novel.
You defeated Medusa.
You attained the rank of Student of Waters.
You learned the tune to open and close the Castle's drawbridge.

The Dungeons of Doom: levels 1 to 27

   Level 1:
An altar to Chih Sung-tzu, a fountain, a sink, a grave.
Level 2:
A fountain, a sink.
Level 3:
An altar to Chih Sung-tzu.
Level 4:
A jewelers, some fountains, a sink, a grave.
Stairs down to The Gnomish Mines.
Level 5:
Level 6:
A scroll shop, a fountain.
Level 7:
Oracle of Delphi.
Level 8:
An altar to Chih Sung-tzu.
Stairs up to Sokoban, level 7.
Level 9:
Level 10:
Many altars, a sink.
Level 11:
An altar to Chih Sung-tzu, a throne, a fountain, a grave.
Level 12:
A very big room.
Level 13:
Summoned by the Grand Master.
Portal to The Quest.
Level 14:
A fountain.
Level 15:
A fountain.
Level 16:
A primitive area.
Level 17:
A throne, many fountains, a sink.
Level 18:
A fountain.
Level 19:
An armor shop.
Level 20:
Level 21:
Level 22:
An altar.
Level 23:
Many trees.
Level 24:
A grave.
Final resting place for
OpticSugar-Bar-Hum-Mal-Cha, killed by a white unicorn.
Level 25:
Level 26:
A fountain.
Level 27:
A throne, a fountain.
The castle (play notes "GCAFG" to open or close drawbridge).

The Gnomish Mines: levels 5 to 12

   Level 5:
Level 6:
Level 7:
A grave.
Final resting place for
Smello-Rog-Hum-Fem-Cha, killed by a giant beetle.
Level 8:
Many shops, a temple to Chih Sung-tzu, some fountains.
Level 9:
Level 10:
Level 11:
Level 12:

The Quest: levels 1 to 6

   Level 1:
A temple, many trees.
Given quest by the Grand Master.
Level 2:
Level 3:
Level 4:
Level 5: <- You were here.
Final resting place for
you, killed by Master Kaen.
Level 6:

Sokoban: levels 7 up to 4

   Level 4:
Solved.
Level 5:
Solved.
Level 6:
Solved.
Level 7:
Solved.

Game over:

----------
/ \
/ REST \
/ IN \
/ PEACE \
/ \
| Gandelf |
| 21679 Au |
| killed by Master |
| Kaen |
| |
| |
| 2022 |
*| * * * | *
_________)/\\_//(\/(/\)/\//\/|_)_______

Goodbye Gandelf the Monk...


You died in The Quest on dungeon level 5 with 211554 points,
and 21679 pieces of gold, after 31983 moves.
You were level 14 with a maximum of 93 hit points when you died.